 Dungeon Crawl Stone Soup version 0.31.0-12-g77e489cdc1 (webtiles) character file.

Game seed: 13142100477352688900

72 Ijustatesigmund the Trooper (level 4, -3/29 HPs)
             Began as a Gargoyle Fighter on Feb 22, 2024.
             Slain by a goblin
             ... wielding a +0 dagger
             ... led by Robin
              (5 damage)
             ... on level 2 of the Dungeon.
             The game lasted 00:02:24 (1178 turns).

Ijustatesigmund the Trooper (Gargoyle Fighter)      Turns: 1178, Time: 00:02:25

Health: -3/29      AC: 13    Str: 20    XL:     4   Next: 25%
Magic:  4/4        EV:  7    Int: 10    God:
Gold:   108        SH:  4    Dex:  9    Spells: 3/3 levels left

rFire   . . .        a - +0 flail
rCold   . . .        c - +0 buckler
rNeg    + . .        b - +0 chain mail
rPois   ∞            (no helmet)
rElec   +            (no cloak)
rCorr   .            i - +0 pair of gloves
SInv    .            (no boots)
Will    .....        (no amulet) Stlth
                     (no ring)
HPRegen 0.24/turn    (no ring)
MPRegen 0.09/turn

%: no passive effects
@: mighty
A: sickness immunity, AC +3, negative energy resistance 1, electricity
resistance, torment resistance 1, petrification resistance
a: no special abilities


You were on level 2 of the Dungeon.
You visited 1 branch of the dungeon, and saw 2 of its levels.

You collected 108 gold pieces.

Inventory:

Hand Weapons
 a - a +0 flail (weapon)
Armour
 b - a +0 chain mail (worn)
 c - a +0 buckler (worn)
 i - a +0 pair of gloves (worn)
Jewellery
 l - a ring of willpower
Scrolls
 f - a scroll of enchant armour {unknown}
 g - 2 scrolls of identify {unknown}
 h - a scroll of summoning {unknown}
 j - a scroll of teleportation {unknown}
 k - a scroll of revelation {unknown}


   Skills:
 + Level 4.1 Fighting
 * Level 3.7 Maces & Flails
 - Level 3.2 Armour
 - Level 3.2 Shields


You had 3 spell levels left.
You didn't know any spells.
Your spell library was empty.

Dungeon Overview and Level Annotations

Branches:
Dungeon (2/15)

Altars:

Annotations:
D:2 Robin


Innate Abilities, Weirdness & Mutations

You are immune to sickness and miasma.
Your stone body is resilient. (AC +3)
You are immune to poison.
You resist negative energy. (rN+)
You are resistant to electric shocks. (rElec)
You are resistant to unholy torment.
You are immune to petrification.


Message History

The goblin hits you but does no damage. The goblin misses you.
The goblin hits you but does no damage.
You hit Robin but do no damage.
Robin is heavily wounded.
The goblin hits you but does no damage. You block the goblin's attack.
The goblin hits you but does no damage. x2; The goblin hits you with a +0 club.
Robin says, "My goblins will feast on your bones."
Robin roars a battlecry!
The goblin goes into a battle-frenzy!
The goblin barely misses you.
A goblin comes into view. It is wielding a +0 club.
You hit Robin but do no damage.
Robin is heavily wounded.
The goblin no longer looks unusually strong. x2
The goblin hits you but does no damage. The goblin completely misses you.
Robin roars a battlecry!
The goblins go into a battle-frenzy!
You completely miss Robin.
Robin is heavily wounded.
A goblin comes into view. It is wielding a +0 dagger.
The goblin hits you but does no damage.
The goblin hits you with a +0 dagger. x2
The goblin hits you with a +0 club.
You hit Robin.
Robin is severely wounded.
The goblin closely misses you. x2; The goblin hits you but does no damage.
A goblin comes into view. It is wielding a +0 club.
The goblin hits you with a +0 club.
* * * LOW HITPOINT WARNING * * *
The goblin barely misses you. The goblin hits you but does no damage.
You block the goblin's attack. The goblin hits you with a +0 club.
* * * LOW HITPOINT WARNING * * *
The goblin moves out of view.
It was a potion of curing.
You feel better. The goblin hits you with a +0 club.
* * * LOW HITPOINT WARNING * * *
The goblin barely misses you. The goblin hits you with a +0 dagger.
* * * LOW HITPOINT WARNING * * *
The goblin hits you but does no damage. Robin hits you but does no damage.
You feel very mighty all of a sudden. The goblin hits you but does no damage.
The goblin hits you with a +0 dagger.
You die...

#.. ##.## ####
##)# ##.##
...###.## #####.#
###†#.#.###...#.#
# ##.###...###.##
.
##################
Jg
...#....#.#....#.#


ggg ....#..#...#..#gg# .... ..........†....g@# ..g.. ..........†....gg#......
................gg.# #################### You could see Robin and 6 goblins.

Vanquished Creatures
  2 adders (D:2)
  3 dart slugs
  2 ribbon worms (D:2)
  3 ball pythons
  5 endoplasms
  A giant cockroach (D:1)
  5 goblins
  7 hobgoblins
  2 kobolds (D:2)
  A quokka (D:1)
  2 bats (D:2)
  A frilled lizard (D:1)
  6 rats
40 creatures vanquished.

Notes
Turn   | Place    | Note
-------+----------+-------------------------------------------
     0 | D:1      | Ijustatesigmund the Gargoyle Fighter began the quest for
                  | the Orb.
     0 | D:1      | Reached XP level 1. HP: 14/14 MP: 1/1
   179 | D:1      | Reached XP level 2. HP: 19/19 MP: 2/2
   574 | D:1      | Found a faded altar of an unknown god.
   822 | D:2      | Reached XP level 3. HP: 23/24 MP: 3/3
  1035 | D:2      | Reached skill level 4 in Fighting
  1035 | D:2      | Reached XP level 4. HP: 21/29 MP: 4/4
  1157 | D:2      | Noticed Robin
  1177 | D:2      | HP: 1/29 [goblin/+0 dagger[Robin] (1)]
  1178 | D:2      | Slain by a goblin

Illustrated notes

Levels and vault maps discovered:
D:1:      evilmike_arrival_hilbert_curve, layout_rooms,
          ebering_ecumenical_altar_mist
D:2:      wad_river_or_something, layout_basic, basic_altar, uniq_robin

Skill      XL: |  1  2  3 |
---------------+----------+-----
Maces & Flails | 3 |  3.7
Fighting       | 4 |  4.1
Armour         | |  3.2
Shields        | |  3.2

Action                     |  1- 3 |  4- 6 || total
---------------------------+-------+-------++-------
  Melee: Flail             |    92 |    43 ||   135
    Use: Potion            |       |     2 ||     2
 Armour: Scale mail        |    36 |       ||    36
         Chain mail        |    38 |    55 ||    93
  Dodge: Dodged            |    33 |    20 ||    53
  Block: Buckler           |     9 |    11 ||    20
